 Dungeon Crawl Stone Soup version 0.27-a0-679-g77a6b55cf3 (webtiles) character file.

Game seed: 15063057785734845383

447 DarkShadow the Skirmisher (level 7, -3/72 HPs)
             Began as an Ogre Berserker on Mar 19, 2021.
             Was a Priest of Trog.
             Shot with an arrow by a centaur (15 damage)
             ... on level 6 of the Dungeon.
             The game lasted 00:19:46 (2360 turns).

DarkShadow the Skirmisher (Ogre Berserker)          Turns: 2360, Time: 00:19:47

Health: -3/72      AC:  4    Str: 24    XL:     7   Next: 3%
Magic:  7/7        EV: 10    Int:  8    God:    Trog [***...]
Gold:   118        SH:  0    Dex:  8    Spells: 6/6 levels left

rFire    . . .     SeeInvis .   k - +1 flail (vorpal)
rCold    . . .     Faith    .   (no shield)
rNeg     . . .     Spirit   .   b - +1 animal skin
rPois    .         Reflect  .   (helmet restricted)
rElec    .         Harm     .   (no cloak)
rCorr    +         Rampage  .   (gloves unavailable)
Will     .....                  (boots unavailable)
Stlth    +.........             j - amulet of regeneration
HPRegen  1.22/turn              i - ring of resist corrosion
MPRegen  0.10/turn              (no ring)

@: brilliant, hasted, very quick
A: large, unfitting armour, tough skin 1
a: Renounce Religion, Berserk, Trog's Hand


You were on level 6 of the Dungeon.
You worshipped Trog.
Trog was most pleased with you.
You visited 1 branch of the dungeon, and saw 5 of its levels.
You also visited: Sewer.

You collected 118 gold pieces.

Inventory:

Hand Weapons
 a - a +0 hand axe
 c - a +0 short sword
 g - a +0 club
 k - a +1 vorpal flail (weapon)
 m - a +0 flail
 r - a +0 giant club
Missiles
 l - 2 boomerangs of dispersal
 p - 6 boomerangs
 s - 14 arrows
Armour
 b - a +1 animal skin (worn)
 e - a +0 ring mail
 h - a +0 pair of gloves
Jewellery
 d - a ring of wizardry
 f - a +6 ring of intelligence
 i - a ring of resist corrosion (right hand)
 j - an amulet of regeneration (around neck)
Potions
 n - 2 potions of flight


   Skills:
 + Level 5.3 Fighting
 + Level 5.1(5.4) Axes
 + Level 2.3(3.8) Maces & Flails
 + Level 4.4 Dodging
 + Level 0.5 Stealth


You had 6 spell levels left.
You didn't know any spells.
Your spell library was empty.

Dungeon Overview and Level Annotations

Branches:
Dungeon (6/15)              Sewer (visited)
 Temple: D:4-7

Altars:
Uskayaw

Portals:
Ossuary: D:6


Innate Abilities, Weirdness & Mutations

You are too large for most types of armour.
You have tough skin. (AC +1)


Message History

A hound and a centaur come into view.
The hound barks!
You hear a loud, deep croak!
The hound moves out of view.
A centaur is nearby!
You barely miss the hound. The hound bites you but does no damage.
The centaur shouts!
You sock the hound!
The hound is severely wounded.
The hound bites you but does no damage.
The centaur wields a +1 shortbow of flaming.
It bursts into flame!
The centaur shoots an arrow.
The arrow hits you! The arrow burns you.
You closely miss the hound.
The hound is severely wounded.
The hound barely misses you.
The centaur shoots an arrow.
The arrow hits you! The arrow burns you. The hound bites you.
The hound closely misses you.
The centaur shoots an arrow.
The arrow hits you! The arrow burns you.
* * * LOW HITPOINT WARNING * * *
The hound bites you but does no damage.
You feel better. The hound barely misses you.
You sock the hound!
You kill the hound!
Trog accepts your kill.
The centaur shoots an arrow.
The arrow barely misses you.
You have reached level 7!
The centaur shoots an arrow.
The arrow closely misses you.
The centaur shoots an arrow.
The arrow hits you! The arrow burns you.
The centaur shoots an arrow.
The arrow hits you!!
* * * LOW HITPOINT WARNING * * *
The arrow burns you.
* * * LOW HITPOINT WARNING * * *
A bullfrog comes into view.
The bullfrog gives a loud, deep croak!
Okay, then.
The centaur shoots an arrow.
The arrow closely misses you.
An orc comes into view. It is wielding a +0 hand axe.
The centaur shoots an arrow.
The arrow barely misses you.
The centaur shoots an arrow.
The arrow hits you!
You die...

##...##..∩...#.
..####...##........
...................
.#####..c##..#$.#.#
#...##..# c...
#.......# ..#
#...#...# ##
#.......# #.<@#...#
#...#.....#
#####........
#....###. #...F#
#..... ##o###.


You could see a centaur.

Vanquished Creatures
  An ogre (D:5)
  A kobold brigand (Sewer)
  A hound (D:6)
  A bullfrog skeleton (D:5)
  An orc priest (D:3)
  A worker ant (D:3)
  8 adders
  A river rat (Sewer)
  A white imp (D:5)
  2 worms (D:2)
  A dart slug (D:1)
  A leopard gecko (D:1)
  4 orcs (D:3)
  2 ball pythons
  6 bats
  4 giant cockroaches
  6 goblins
  6 hobgoblins
  5 jackals
  A quokka (D:1)
  6 frilled lizards
  8 kobolds
  12 rats
80 creatures vanquished.

Vanquished Creatures (collateral kills)
  Ijyb (D:5)
1 creature vanquished.

Grand Total: 81 creatures vanquished

Notes
Turn   | Place    | Note
-------+----------+-------------------------------------------
     0 | D:1      | DarkShadow the Ogre Berserker began the quest for the Orb.
     0 | D:1      | Reached XP level 1. HP: 24/24 MP: 1/1
   321 | D:1      | Reached XP level 2. HP: 10/32 MP: 2/2
  1009 | D:1      | Reached XP level 3. HP: 14/39 MP: 3/3
  1365 | D:2      | Reached ** piety under Trog
  1526 | D:2      | Found a hide-covered altar of Uskayaw.
  1542 | D:3      | Found a glowing drain.
  1564 | D:3      | Reached XP level 4. HP: 40/49 MP: 4/4
  1601 | D:3      | Reached XP level 5. HP: 31/55 MP: 5/5
  1643 | Sewer    | Entered a sewer
  1691 | Sewer    | Noticed a kobold brigand
  1711 | Sewer    | Killed a kobold brigand
  1765 | Sewer    | Found a white marble altar of Elyvilon.
  1947 | D:3      | Reached XP level 6. HP: 57/65 MP: 6/6
  1960 | D:3      | Reached skill level 5 in Axes
  1960 | D:3      | Reached skill level 1 in Maces & Flails
  1977 | D:3      | Reached *** piety under Trog
  2005 | D:3      | Reached skill level 5 in Fighting
  2039 | D:3      | You fall into a shaft and drop 2 floors!
  2039 | D:5      | Entered Level 5 of the Dungeon
  2241 | D:5      | Noticed Ijyb
  2251 | D:5      | Paralysed by Ijyb for 4 turns
  2252 | D:5      | Killed Ijyb
  2325 | D:6      | Found a sand-covered staircase.
  2348 | D:6      | Reached XP level 7. HP: 32/72 MP: 7/7
  2360 | D:6      | Shot with an arrow by a centaur

Illustrated notes

Levels and vault maps discovered:
D:1:      tarquinn_simple_flora_water_e, layout_basic
D:2:      wad_river_or_something, layout_loops_cross, zin_scriptorium,
          general_overflow_altar, minmay_bisected
D:3:      layout_rooms, nemelex_xobeh_ov_fountains_minmay, serial_shops,
          shop_statue, gup_sewer_entry_glass, st_stairs_1,
          nicolae_tso_carved_into_rock
D:5:      layout_cave_pods, uniq_grinder, uniq_ijyb
D:6:      layout_rooms, enter_ossuary_1

Skill      XL: |  1  2  3  4  5  6 |
---------------+-------------------+-----
Dodging        | 3 4 |  4.4
Axes           | 4 5 |  5.1
Maces & Flails | 2 |  2.3
Fighting       | 5 |  5.3
Stealth        | |  0.5

Action                   |  1- 3 |  4- 6 |  7- 9 || total
-------------------------+-------+-------+-------++-------
Melee: Hand axe          |   133 |    31 |       ||   164
       Flail             |       |    89 |       ||    89
       Giant club        |       |    11 |       ||    11
Invok: Berserk           |     1 |     1 |       ||     2
  Use: Potion            |     3 |     7 |       ||    10
       Scroll            |     3 |     3 |       ||     6
Armor: Animal skin       |    58 |    56 |       ||   114
Dodge: Dodged            |   104 |   105 |     3 ||   212

Table legend: (Time is in decaauts)
 A = Elapsed time spent in this place.
 B = Non-inter-level travel time spent in this place.
 C = Inter-level travel time spent in this place.
 D = Time resting spent in this place.
 E = Time spent auto-exploring this place.
 F = Levels seen in this place.
 G = Mean time per level.
                   A        B        C        D        E       F      G
               +--------+--------+--------+--------+--------+-----+--------+
         Total |   2465 |   2465 |      0 |    930 |    345 |   6 |  410.8 |
       Dungeon |   2161 |   2161 |      0 |    930 |    263 |   5 |  432.2 |
         Sewer |    304 |    304 |      0 |      0 |     82 |   1 |  304.0 |
               +--------+--------+--------+--------+--------+-----+--------+

Top non-repeatable levels by time:
     D:1: 1336 daAuts
   Sewer: 304 daAuts
     D:5: 288 daAuts
     D:3: 277 daAuts
     D:2: 234 daAuts
     D:6: 25 daAuts
